 Dungeon Crawl Stone Soup version 0.20.1-1-g8b1a95d (webtiles) character file.

121 Fisto the Covered (level 4, -36/60 HPs)
             Began as a Minotaur Fighter on Nov 7, 2017.
             Killed from afar by a gnoll (41 damage)
             ... with an exploding inner flame
             ... hexed by the player character
             ... on level 3 of the Dungeon.
             The game lasted 00:12:41 (1865 turns).

Fisto the Covered (Minotaur Fighter)                Turns: 1865, Time: 00:12:41

Health: -36/60     AC: 22    Str: 22    XL:     4   Next: 76%
Magic:  3/3        EV:  2    Int:  5    God:    Xom [......]
Gold:   121        SH:  9    Dex:  9    Spells: 3/3 levels left

rFire    . . .     SeeInvis .   a - +0 war axe
rCold    . . .     Gourm    .   c - +0 shield
rNeg     + + +     Faith    .   (armour currently unavailable)
rPois    +         Spirit   .   (helmet currently unavailable)
rElec    .         Reflect  .   (cloak currently unavailable)
rCorr    .         Harm     .   (gloves currently unavailable)
MR       .....     NoTele   +   (boots currently unavailable)
Stlth    +.........             (no amulet)
Regen    0.2/turn               (no ring)
MPRegen  0.1/turn               (no ring)

@: tree-form
A: (retaliatory headbutt)
a: Renounce Religion


You were on level 3 of the Dungeon.
You worshipped Xom.
You were a very special plaything of Xom.
You were not hungry.
You were a tree.
You visited 1 branch of the dungeon, and saw 3 of its levels.

You collected 121 gold pieces.

Inventory:

Hand Weapons
 a - a +0 war axe (weapon)
 g - a +0 club
 l - a +0 dagger of protection
 m - a +1 short sword of venom
Missiles
 e - 39 stones (quivered)
Armour
 b - a +0 scale mail (melded)
 c - a +0 shield (worn)
Wands
 r - a wand of enslavement (4/24)
 w - a wand of digging (5/24)
Scrolls
 n - 3 scrolls of identify
 o - 2 scrolls of teleportation {unknown}
 p - 2 scrolls of remove curse {unknown}
 s - a scroll of magic mapping {unknown}
 t - 2 scrolls of immolation
 u - a scroll of enchant weapon {unknown}
 v - a scroll of enchant armour {unknown}
 x - a scroll of noise {unknown}
 y - a scroll of fear {unknown}
Potions
 d - a potion of might
 j - a potion of flight {unknown}
 q - a potion of curing {unknown}
 z - a potion of heal wounds {unknown}
Comestibles
 f - a bread ration
 h - 3 royal jellies
 k - a fruit


   Skills:
 + Level 4.1 Fighting
 + Level 4.3 Axes
 + Level 0.8 Throwing
 + Level 4.3 Armour
 + Level 0.7 Dodging
 + Level 0.1 Stealth
 + Level 4.2 Shields


You had 3 spell levels left.
You didn't know any spells.

Dungeon Overview and Level Annotations

Branches:
Dungeon (3/15)

Altars:
Kikubaaqudgha
Xom


Innate Abilities, Weirdness & Mutations

((You reflexively headbutt those who attack you in melee.))
((You have a pair of horns on your head.))


Message History

Your +0 scale mail melds into your body.
Your roots penetrate the ground.
The net rips apart!
The gnoll hits you but does no damage. The gnoll completely misses you.
You hit the gnoll but do no damage.
The gnoll is heavily wounded.
You hit the gnoll but do no damage. You block the gnoll's attack.
The gnoll hits you but does no damage.
You barely miss the gnoll.
The gnoll is heavily wounded.
You closely miss the gnoll.
The gnoll hits you but does no damage. x2
You slash the gnoll!
The gnoll explodes!
The fiery explosion engulfs the gnoll.
The gnoll explodes!
The fiery explosion engulfs you!
* * * LOW HITPOINT WARNING * * *
The fiery explosion engulfs you!
Ouch! That really hurt!
You die...
Xom chuckles heartily!

#.#####
#.......#### #.
#.#... ...####.#
#. #.#†###### .
..# #.
#..).....#.#
.### ##
#....#.#.#.#..##
#>..............
#........##
#.##.###.#
#....#.§♣#
#####...§§§.....
#..§###..(..
#... .%.. #...#
..% #.### ## #'
..


There were no monsters in sight!

Vanquished Creatures
  2 gnolls (D:3)
  4 adders
  An ooze (D:1)
  3 worms
  A dart slug (D:1)
  3 bats
  6 giant cockroaches
  6 goblins
  9 hobgoblins
  2 ball pythons (D:2)
  3 frilled lizards
  5 kobolds
  6 rats
51 creatures vanquished.

Notes
Turn   | Place    | Note
-------+----------+-------------------------------------------
     0 | D:1      | Fisto the Minotaur Fighter began the quest for the Orb.
     0 | D:1      | Reached XP level 1. HP: 19/19 MP: 0/0
    29 | D:1      | Found a burning altar of Makhleb.
    31 | D:1      | Found a hazy altar of Hepliaklqana.
    31 | D:1      | Found a shimmering altar of Xom.
    33 | D:1      | Found a shimmering altar of Xom.
    33 | D:1      | Found a stormy altar of Qazlal.
    33 | D:1      | Found a radiant altar of Vehumet.
    66 | D:1      | Became a worshipper of Xom of Chaos
    99 | D:1      | XOM: harmless Pois miscast
   297 | D:1      | Reached XP level 2. HP: 17/27 MP: 1/1
   407 | D:1      | XOM is BORED!
   407 | D:1      | XOM: harmless Tmut miscast
   452 | D:1      | XOM: scenery: 1 doors close
   698 | D:1      | Reached XP level 3. HP: 33/33 MP: 2/2
   708 | D:1      | XOM: harmless Tmut miscast
  1022 | D:2      | XOM: noise
  1192 | D:2      | XOM: stat loss: -1 Dex (8/9)
  1235 | D:2      | Found an ancient bone altar of Kikubaaqudgha.
  1235 | D:2      | Found a shimmering altar of Xom.
  1330 | D:2      | Reached XP level 4. HP: 40/40 MP: 3/3
  1733 | D:3      | XOM: confusion
  1837 | D:3      | XOM: noise
  1865 | D:3      | Killed from afar by a gnoll

Skill      XL: |  1  2  3  4 |
---------------+-------------+-----
Shields        | 4 |  4.2
Armour         | 4 |  4.3
Axes           | 3 4 |  4.3
Fighting       | 4 |  4.1
Throwing       | |  0.8
Dodging        | |  0.7
Stealth        | |  0.1

Action                   |  1- 3 |  4- 6 || total
-------------------------+-------+-------++-------
Melee: War axe           |    82 |    42 ||   124
       Headbutt          |    14 |     2 ||    16
       Short sword       |    10 |       ||    10
Throw: Stone             |    22 |       ||    22
Evoke: Wand              |       |     3 ||     3
  Use: Scroll            |     3 |     1 ||     4
       Potion            |     2 |     1 ||     3
  Eat: Meat ration       |     1 |       ||     1
Armor: Scale mail        |    35 |    12 ||    47
       Skin              |       |     4 ||     4
Dodge: Dodged            |    35 |    15 ||    50
Block: Shield            |    54 |    20 ||    74
